 Dungeon Crawl Stone Soup version 0.27-a0-109-g416527ed24 (webtiles) character file.

Game seed: 13808209669175086280

553 Pixllover the Cudgeller (level 7, -6/61 HPs)
             Began as a Minotaur Berserker on Jan 24, 2021.
             Was a Priest of Trog.
             Killed from afar by Sigmund (10 damage)
             ... with a puff of flame
             ... on level 4 of the Dungeon.
             The game lasted 00:09:39 (3401 turns).

Pixllover the Cudgeller (Minotaur Berserker)        Turns: 3401, Time: 00:09:40

Health: -6/61      AC:  9    Str: 24    XL:     7   Next: 8%
Magic:  6/6        EV: 12    Int:  4    God:    Trog [***...]
Gold:   226        SH:  5    Dex:  9    Spells: 6/6 levels left

rFire    . . .     SeeInvis .   x - +0 war axe
rCold    . . .     Faith    .   (no shield)
rNeg     . . .     Spirit   .   k - +0 ring mail
rPois    .         Reflect  +   (helmet restricted)
rElec    .         Harm     .   j - +0 cloak (curse)
rCorr    .         Rampage  .   i - +0 pair of gloves
Will     .....                  g - +0 pair of boots
Stlth    +.........             A - amulet of reflection
HPRegen  0.20/turn              n - ring of stealth (curse)
MPRegen  0.10/turn              (no ring)

@: no status effects
A: retaliatory headbutt, horns 2
a: Renounce Religion, Berserk, Trog's Hand


You were on level 4 of the Dungeon.
You worshipped Trog.
Trog was most pleased with you.
You visited 1 branch of the dungeon, and saw 4 of its levels.
You also visited: Sewer.

You collected 226 gold pieces.

Inventory:

Hand Weapons
 a - a +0 mace
 x - a +0 war axe (weapon)
Missiles
 t - 23 poisoned darts (quivered)
Armour
 g - a +0 pair of boots (worn)
 i - a +0 pair of gloves (worn)
 j - a cursed +0 cloak (worn)
 k - a +0 ring mail (worn)
Jewellery
 n - a cursed ring of stealth (left hand)
 A - an amulet of reflection (around neck)
Scrolls
 c - a scroll of fear
 e - 6 scrolls of teleportation
 f - 2 scrolls of enchant weapon
 h - 2 scrolls of enchant armour
 q - a scroll of noise {unknown}
 r - 2 scrolls of immolation
 s - 2 scrolls of blinking
 u - 2 scrolls of remove curse {unknown}
 w - 2 scrolls of fog {unknown}
 y - 5 scrolls of magic mapping
Potions
 b - a potion of invisibility {unknown}
 d - a potion of ambrosia
 m - 3 potions of curing
 o - 3 potions of heal wounds {unknown}
 p - 2 potions of brilliance {unknown}
 v - a potion of degeneration {unknown}
 z - 5 potions of might {unknown}


   Skills:
 + Level 5.1 Fighting
 + Level 4.0(5.3) Axes
 + Level 5.4(6.1) Maces & Flails
 + Level 5.0 Armour
 + Level 3.7 Dodging
 + Level 0.2 Stealth
 + Level 0.1 Shields


You had 6 spell levels left.
You didn't know any spells.
Your spell library was empty.

Dungeon Overview and Level Annotations

Branches:
Dungeon (4/15)              Sewer (visited)
 Temple: D:4-7

Altars:
Cheibriados
Makhleb
Okawaru
Qazlal
Ru
Trog
Uskayaw
Vehumet
Wu Jian
Xom

Annotations:
D:4 Sigmund


Innate Abilities, Weirdness & Mutations

You reflexively headbutt those who attack you in melee.
You have a pair of horns on your head.


Message History

The worker ant is severely wounded.
You block the worker ant's attack.
You slash the worker ant!
You kill the worker ant!
Trog accepts your kill. Something hits you.
* * * LOW HITPOINT WARNING * * *
Your base Axes skill increases to level 4!
Something hits you.
* * * LOW HITPOINT WARNING * * *
Items here: ( )))) ? [[ †††.
Something hits you but does no damage.
Okay, then.
Items here: ( )))) ? [[ †††.
Something hits you but does no damage.
Sigmund appears from thin air!
Reactivating autopickup.
Sigmund gestures at you while chanting. The puff of flame hits you!
You die...

#..###..###.##
.............#
.............#
.............#
.............#
......$......# #@#
### ##.###.##..##
#....'.@....#
#....#(.....+
##..####...## ###
##...## #.....#
#.....# #####
#...).# ##≈≈≈≈
#.....# #≈####
##...########≈##≈≈


You could see Sigmund.

Vanquished Creatures
  2 bullfrogs (Sewer)
  A howler monkey (D:4)
  An orc wizard (D:4)
  2 worker ants (D:4)
  15 adders
  5 river rats (Sewer)
  An ooze (D:2)
  5 worms
  4 dart slugs
  6 leopard geckos
  3 orcs (D:4)
  3 giant cockroaches (D:1)
  4 goblins
  6 hobgoblins
  5 jackals (D:2)
  9 ball pythons
  5 bats
  8 frilled lizards
  11 kobolds
  31 rats
127 creatures vanquished.

Notes
Turn   | Place    | Note
-------+----------+-------------------------------------------
     0 | D:1      | Pixllover the Minotaur Berserker began the quest for the
                  | Orb.
     0 | D:1      | Reached XP level 1. HP: 19/19 MP: 0/0
   130 | D:1      | Reached XP level 2. HP: 24/27 MP: 1/1
   543 | D:1      | Reached ** piety under Trog
   545 | D:1      | Reached XP level 3. HP: 33/33 MP: 2/2
  1160 | D:2      | Reached XP level 4. HP: 30/40 MP: 3/3
  1696 | D:2      | Reached skill level 5 in Maces & Flails
  2101 | D:3      | Found a burning altar of Makhleb.
  2228 | D:3      | Found a snail-covered altar of Cheibriados.
  2229 | D:3      | Found a radiant altar of Vehumet.
  2231 | D:3      | Found a hide-covered altar of Uskayaw.
  2232 | D:3      | Found a stormy altar of Qazlal.
  2232 | D:3      | Found a sacrificial altar of Ru.
  2233 | D:3      | Found a bloodstained altar of Trog.
  2233 | D:3      | Found an iron altar of Okawaru.
  2236 | D:3      | Found an ornate altar of the Wu Jian Council.
  2382 | D:3      | Found a shimmering altar of Xom.
  2773 | D:4      | Reached XP level 5. HP: 47/47 MP: 4/4
  2833 | D:4      | Found a glowing drain.
  2837 | Sewer    | Entered a sewer
  2909 | Sewer    | Reached skill level 1 in Axes
  2923 | Sewer    | Reached *** piety under Trog
  3026 | Sewer    | Reached XP level 6. HP: 46/55 MP: 5/5
  3094 | Sewer    | Reached skill level 5 in Fighting
  3367 | D:4      | Noticed Sigmund
  3387 | D:4      | Reached skill level 5 in Armour
  3387 | D:4      | Reached XP level 7. HP: 12/61 MP: 6/6
  3390 | D:4      | HP: 2/61 [something (3)]
  3396 | D:4      | HP: 3/61 [something (6)]
  3401 | D:4      | Killed from afar by Sigmund

Illustrated notes

Levels and vault maps discovered:
D:1:      mrwooster_arrival_statue_3, layout_loops_ring, serial_bayou_pond_d
D:2:      cheibrodos_helix_gallery, layout_loops_ring, chequers_garden
D:3:      layout_basic, grunt_temple_overflow_open, lemuel_crystal_altar,
          brannock_xom_greatest_gift
D:4:      layout_gridville, gup_sewer_entry_spiral, minmay_goblin_kobold_house,
          uniq_sigmund

Skill      XL: |  1  2  3  4  5  6  7 |
---------------+----------------------+-----
Maces & Flails | 4 5 |  5.4
Fighting       | 4 5 |  5.1
Armour         | 3 4 5 |  5.0
Dodging        | 3 |  3.7
Axes           | 2 3 4 |  4.0
Stealth        | |  0.2
Shields        | |  0.1

Action                   |  1- 3 |  4- 6 |  7- 9 || total
-------------------------+-------+-------+-------++-------
Melee: Mace              |    81 |    51 |       ||   132
       Headbutt          |    12 |    21 |     2 ||    35
       War axe           |       |   122 |     7 ||   129
  Use: Scroll            |       |    10 |       ||    10
       Potion            |       |       |     2 ||     2
Armor: Animal skin       |     9 |       |       ||     9
       Leather armour    |     4 |       |       ||     4
       Ring mail         |    24 |   114 |     6 ||   144
Dodge: Dodged            |    78 |   156 |     3 ||   237
Block: Other             |       |     5 |     3 ||     8

Table legend: (Time is in decaauts)
 A = Elapsed time spent in this place.
 B = Non-inter-level travel time spent in this place.
 C = Inter-level travel time spent in this place.
 D = Time resting spent in this place.
 E = Time spent auto-exploring this place.
 F = Levels seen in this place.
 G = Mean time per level.
                   A        B        C        D        E       F      G
               +--------+--------+--------+--------+--------+-----+--------+
         Total |   3540 |   3471 |     69 |      0 |   2004 |   5 |  708.0 |
       Dungeon |   3077 |   3008 |     69 |      0 |   1898 |   4 |  769.2 |
         Sewer |    463 |    463 |      0 |      0 |    106 |   1 |  463.0 |
               +--------+--------+--------+--------+--------+-----+--------+

Top non-repeatable levels by time:
     D:2: 1135 daAuts
     D:1: 976 daAuts
     D:3: 668 daAuts
   Sewer: 463 daAuts
     D:4: 297 daAuts
